 Dungeon Crawl Stone Soup version 0.30-a0-718-geaa24f58ff (webtiles) character file.

Game seed: 17079652306921820951

59 kae the Insei (level 3, 0/26 HPs)
             Began as a Demonspawn Transmuter on Jan 25, 2023.
             Splashed by a jelly's acid (4 damage)
             ... on level 3 of the Dungeon.
             The game lasted 00:01:43 (1448 turns).

kae the Insei (Demonspawn Transmuter)               Turns: 1448, Time: 00:01:44

Health: 0/26       AC: -4    Str: 10    XL:     3   Next: 78%
Magic:  6/6        EV: 12    Int: 16    God:
Gold:   36         SH:  4    Dex: 13    Spells: 0/6 levels left

rFire   . . .      SeeInvis .      - Unarmed
rCold   . . .      Faith    .    (no shield)
rNeg    . . .      Spirit   .    a - +0 robe
rPois   .          Reflect  .    (helmet currently unavailable)
rElec   .          Harm     .    (no cloak)
rCorr   .          Rampage  .    (no gloves)
Will    .....                    (boots currently unavailable)
Stlth   +                        (no amulet)
HPRegen 0.24/turn                (no ring)
MPRegen 0.10/turn                (no ring)

@: appendages, corroded, sanguine armoured
A: horns 2, talons 2, sanguine armour 1, condensation shield
a: End Transformation


You were on level 3 of the Dungeon.
You had temporarily grown beastly horns and talons.
You visited 1 branch of the dungeon, and saw 3 of its levels.

You collected 36 gold pieces.


Innate Abilities, Weirdness & Mutations

You have temporarily grown beastly horns and talons.
When seriously injured, your blood forms armour. (AC +6)
A meltable shield of frost defends you. (SH +4)


   Skills:
 - Level 1.0 Fighting
 - Level 1.7 Dodging
 + Level 3.1 Unarmed Combat
 + Level 2.4 Spellcasting
 * Level 2.9 Transmutations
 * Level 0.7 Poison Magic


You couldn't memorise any spells.
You knew the following spells:

 Your Spells              Type           Power      Damage    Failure   Level
a - Beastly Appendage     Tmut           22%        N/A       6%          1
b - Wereblood             Tmut           11%        N/A       9%          2
c - Spider Form           Tmut/Pois      7%         N/A       28%         3

Your spell library contained the following spells:

 Spells                   Type           Power      Damage    Failure   Level
 Vhi's Electric Charge    Tloc/Air       2%         N/A       52%         3
 Ice Form                 Ice/Tmut       6%         N/A       73%         4
 Arcjolt                  Conj/Air       0%         1d10      99%         5
 Maxwell's Capacitive Co  Air            0%         ∞         100%        8

Inventory:

Missiles
 e - 15 stones
Armour
 a - a +0 robe (worn)
Jewellery
 F - a ring of fire
   (You found it on level 1 of the Dungeon)
Scrolls
 d - a scroll of vulnerability {!r!r}
Potions
 b - a potion of lignification {!q}
 c - a potion of ambrosia {unknown}
 f - a potion of haste {unknown}

Dungeon Overview and Level Annotations

Branches:
Dungeon (3/15) Zot: 16557

Altars:

Annotations:
D:3 1 runed translucent door, exclusions: orc and orc priest, bmj180's ghost, amateur GrEE

....#...†...............# #.#
....#...................# #.#
#..................)### #.#
#.....................# #.###
##..##..#####........#+###....
#..####.#####...............##
###.†##≈~.~≈##..#####.........#
#...#.~≈≈#≈≈#.#.# #.........#
#.##~~≈≈≈~~#≈~~@# #.........#
#.#~≈≈≈~.?.≈≈≈≈J# #.........#
##.~≈≈≈~[♣~.≈≈≈#..............#
#≈≈≈≈≈≈≈.~≈~≈≈≈w......####...+
#J≈≈~≈≈≈~.≈#≈~~~~~.##.. #...#
#~~≈~~~~..)≈≈~~~~~.#
..~~~~≈~.<.~≈~~ #..#
.#~~~≈##~...~~~# ~## .#~~≈≈≈
≈~:#~~≈ ~#


You could see a jelly and a dart slug.


Message History

A dart slug is nearby!
A dart slug is nearby!
Casting: Beastly Appendage (safe; 6% risk of failure)
Confirm with . or Enter, or press ? or * to list all spells.
You grow a pair of large bovine horns.
Your feet morph into talons.
The dart slug launches a dart at you. The slug dart hits you. 😕 HP[-2] MP[-1]
You take 2 damage, and now have 24/26 hp.
You lost 1 mp, and now have 5/6 mp.
You see here a dart slug corpse. 😕 HP[+1] No target in view!
No target in view! 😎 HP[+1]
Your hp is fully restored (26).
The dart slug launches a dart at you. The slug dart hits you.
You hit the dart slug. You claw the dart slug. You headbutt the dart slug.
The dart slug misses you. 😕 HP[-2]
You take 2 damage, and now have 24/26 hp.
You hit the dart slug.
You kill the dart slug!
No target in view!
No target in view!
No target in view!
No target in view!
No target in view!
Your transformation is almost over. 😕 HP[+1] MP[+1]
Your mp is fully restored (6).
Why would you want to do that?
Unknown command.
You enter the shallow water.
Moving in this stuff is going to be slow. 😎 HP[+1]
Your hp is fully restored (26).
Your horns disappear.
Your talons disappear.
Why would you want to do that?
Press: ? - help, v - describe, . - travel Some shallow water.
Sorry, I don't know how to get there.
Unknown command.
You see here a dart slug corpse.
(D) Dungeon
Where to? (Enter - D:3 @ (x,y), ? - help) Sorry, I don't know how to get there.
Unknown command.
(D) Dungeon
Where to? (Enter - D:3 @ (x,y), ? - help) Sorry, I don't know how to get there.
A dart slug comes into view.
Found a stone staircase leading up.
The dart slug launches a dart at you. The slug dart misses you.
Casting: Beastly Appendage (safe; 6% risk of failure)
Confirm with . or Enter, or press ? or * to list all spells.
You grow a pair of large bovine horns.
Your feet morph into talons.
The dart slug launches a dart at you. The slug dart hits you. 😕 HP[-3] MP[-1]
You take 3 damage, and now have 23/26 hp.
You lost 1 mp, and now have 5/6 mp.
A dart slug comes into view.
You block the dart slug's attack.
You hit the dart slug. You claw the dart slug. 😕 HP[+1]
You hit the dart slug. The dart slug launches a dart at you.
The slug dart misses you.
You hit the dart slug. You claw the dart slug.
You kill the dart slug!
There is a stone staircase leading up here.
You enter the shallow water.
Moving in this stuff is going to be slow.
A jelly comes into view.
The jelly quivers. 😕 HP[+1]
The jelly closely misses you.
There is a stone staircase leading up here. 😕 MP[+1]
Your mp is fully restored (6).
You hit the jelly. The acid corrodes you!
Your hands burn!
You claw the jelly, but do no damage.
You headbutt the jelly, but do no damage.
The jelly hits you. The acid corrodes you!
You are splashed with acid.
Your blood congeals into armour. 😮 HP[-9]
You take 9 damage, and now have 16/26 hp.
MASSIVE DAMAGE!! (PAUSE)
You hit the jelly.
Your hands burn!
The jelly hits you.
* * * LOW HITPOINT WARNING * * *
The acid corrodes you!
You are splashed with acid!
* * * LOW HITPOINT WARNING * * *
😱 HP[-12]
You take 12 damage, and now have 4/26 hp.
MASSIVE DAMAGE!! (PAUSE)
You hit the jelly but do no damage. The acid corrodes you!
Your hands burn!
You die...

Skill      XL: |  1  2 |
---------------+-------+-----
Transmutations | 2 |  2.9
Unarmed Combat | 3 |  3.1
Fighting       | |  1.0
Dodging        | |  1.7
Spellcasting   | |  2.4
Poison Magic   | |  0.7

Action                     || total
---------------------------++-------
  Melee: Unarmed           ||   139
         Headbutt          ||    19
         Kick              ||    30
         Punch             ||     4
   Cast: Beastly Appendage ||    21
    Use: Scroll            ||     3
   Stab: Sleeping          ||     2
 Armour: Robe              ||    11
  Dodge: Dodged            ||    30
  Block: Other             ||     2

Levels and vault maps discovered:
D:1:      roderic_crop_circles_arrival_small, layout_basic, columned_hall_lemuel
D:2:      layout_loops_ring, basic_altar, nicolae_underground_beach
D:3:      kennysheep_slugbush, layout_basic, ebering_ghost_sewer_d,
          grunt_decor_one_mirror, minmay_misc_feat_tiny

Notes
Turn   | Place    | Note
-------+----------+-------------------------------------------
     0 | D:1      | kae the Demonspawn Transmuter began the quest for the Orb.
     0 | D:1      | Reached XP level 1. HP: 15/15 MP: 3/3
     0 | D:1      | magus.rc [v1.11.3]
    59 | D:1      | You add the spells Vhi's Electric Charge, Arcjolt and
                  | Maxwell's Capacitive Coupling to your library.
    79 | D:1      | Reached skill level 2 in Transmutations
   252 | D:1      | Gained mutation: When seriously injured, your blood forms
                  | armour. (AC +6) [demonic ancestry]
   252 | D:1      | Reached XP level 2. HP: 18/21 MP: 3/5
   530 | D:1      | Reached skill level 3 in Unarmed Combat
  1093 | D:2      | Gained mutation: A meltable shield of frost defends you.
                  | (SH +4) [demonic ancestry]
  1093 | D:2      | Reached XP level 3. HP: 25/26 MP: 4/6
  1096 | D:2      | Learned a level 2 spell: Wereblood
  1100 | D:2      | Learned a level 3 spell: Spider Form
  1137 | D:2      | You fall into a shaft and drop 1 floor!
  1155 | D:3      | Found a runed translucent door.
  1160 | D:3      | Noticed bmj180's ghost (amateur GrEE)
  1447 | D:3      | HP: 4/26 [acid (9)]
  1448 | D:3      | Splashed by a jelly's acid

Vanquished Creatures
  A gnoll (D:1)
  An adder (D:2)
  6 dart slugs
  2 orcs (D:3)
  4 endoplasms
  A hobgoblin (D:1)
  3 jackals (D:1)
  A kobold (D:3)
  A quokka (D:1)
  A ball python (D:3)
  A bat (D:1)
  4 frilled lizards (D:1)
  2 rats
28 creatures vanquished.

Vanquished Creatures (others)
  15 plants (D:1)
15 creatures vanquished.

Grand Total: 43 creatures vanquished

Table legend:
 A = Non-vault XP
 B = Vault XP
 C = Vault XP percentage of total XP
 D = Non-vault monster count
 E = Vault monster count
 F = Vault count percentage of total count
                 A         B        C        D         E       F
            +---------+---------+-------+---------+---------+-------
      Total |      65 |      20 |  23.5 |      23 |       5 |  17.9
            +---------+---------+-------+---------+---------+-------
        D:1 |      40 |       0 |   0.0 |      16 |       0 |   0.0
        D:2 |      13 |       0 |   0.0 |       1 |       0 |   0.0
        D:3 |      12 |      20 |  62.5 |       6 |       5 |  45.5
            +---------+---------+-------+---------+---------+-------

Illustrated notes

Table legend:
 A = Kills in this place as a percentage of kills in entire the game.
 B = Kills by you in this place as a percentage of kills by you in the entire game.
 C = Kills by friends in this place as a percentage of kills by friends in the entire game.
 D = Other kills in this place as a percentage of other kills in the entire game.
 E = Experience gained in this place as a percentage of experience gained in the entire game.
 F = Experience gained in this place divided by the number of levels of this place that you have seen.
                   A       B       C       D       E      F
               +-------+-------+-------+-------+-------+----------------------
         Total | 100.0 | 100.0 |   N/A |   N/A | 100.0 |  28.3
       Dungeon | 100.0 | 100.0 |   N/A |   N/A | 100.0 |  28.3
               +-------+-------+-------+-------+-------+----------------------

Table legend: (Time is in decaauts)
 A = Elapsed time spent in this place.
 B = Non-inter-level travel time spent in this place.
 C = Inter-level travel time spent in this place.
 D = Time resting spent in this place.
 E = Time spent auto-exploring this place.
 F = Levels seen in this place.
 G = Mean time per level.
                   A        B        C        D        E       F      G
               +--------+--------+--------+--------+--------+-----+--------+
         Total |   1442 |   1299 |    143 |      2 |    930 |   3 |  480.7 |
       Dungeon |   1442 |   1299 |    143 |      2 |    930 |   3 |  480.7 |
               +--------+--------+--------+--------+--------+-----+--------+

Top non-repeatable levels by time:
     D:1: 1068 daAuts
     D:3: 313 daAuts
     D:2: 61 daAuts
